 Dungeon Crawl Stone Soup version 0.29.0-4-gdea44cf6ec (webtiles) character file.

Game seed: 13707381513541865430

909 Godmorgon the Protected (level 8, -3/61 (63) HPs)
             Began as a Gnoll Wanderer on Aug 26, 2022.
             Slain by a wight
             ... wielding a +2 flail
              (9 damage)
             ... on level 6 of the Dungeon.
             The game lasted 00:29:02 (4906 turns).

Godmorgon the Protected (Gnoll Wanderer)            Turns: 4906, Time: 00:29:02

HP:   -3/61 (63)    AC:  7    Str: 13    XL:     8   Next: 8%
MP:   12/12         EV: 12    Int: 11    God:
Gold: 205           SH:  0    Dex: 13    Spells: 13/13 levels left

rFire   . . .      SeeInvis .   a - +3 falchion
rCold   . . .      Faith    .   (no shield)
rNeg    . . .      Spirit   .   k - +0 ring mail
rPois   .          Reflect  .   (no helmet)
rElec   .          Harm     .   (no cloak)
rCorr   .          Rampage  .   (no gloves)
Will    +....                   (no boots)
Stlth   ++........              (no amulet)
HPRegen 0.20/turn               j - ring of willpower
MPRegen 0.13/turn               (no ring)

@: lightly drained
A: fangs 1, strong nose, distributed training
a: no special abilities


You were on level 6 of the Dungeon.
You visited 1 branch of the dungeon, and saw 6 of its levels.

You collected 205 gold pieces.

Inventory:

Hand Weapons
 a - a +3 falchion (weapon)
 b - a +0 sling
 s - a +2 dagger of draining
Missiles
 l - 5 boomerangs
 m - 22 stones
 o - 2 poisoned darts (quivered)
 v - 6 javelins
Armour
 k - a +0 ring mail (worn)
Jewellery
 j - a ring of willpower (left hand)
 z - a ring of fire
Scrolls
 g - 3 scrolls of blinking
 h - a scroll of butterflies {unknown}
 n - 4 scrolls of enchant weapon
 p - a scroll of immolation {unknown}
 q - a scroll of magic mapping {unknown}
 r - 2 scrolls of poison
 u - a scroll of acquirement {unknown}
 w - 2 scrolls of teleportation
 y - 2 scrolls of vulnerability {unknown}
Potions
 c - a potion of lignification
 d - a potion of brilliance {unknown}
 e - a potion of might {unknown}
 f - 2 potions of heal wounds {unknown}
 i - a potion of invisibility {unknown}
 t - a potion of ambrosia {unknown}
 x - 4 potions of curing
 B - a potion of haste {unknown}


   Skills:
 + Level 5.5 Fighting
 + Level 3.0 Short Blades
 + Level 7.3 Long Blades
 + Level 3.0 Axes
 + Level 3.0 Maces & Flails
 + Level 3.0 Polearms
 + Level 3.0 Staves
 + Level 3.0 Ranged Weapons
 + Level 3.0 Throwing
 + Level 9.1 Armour
 + Level 4.0 Dodging
 + Level 3.0 Stealth
 + Level 3.0 Shields
 + Level 3.0 Unarmed Combat
 + Level 3.0 Spellcasting
 + Level 2.4 Conjurations
 + Level 2.4 Hexes
 + Level 2.4 Summonings
 + Level 2.4 Necromancy
 + Level 2.4 Translocations
 + Level 2.4 Transmutations
 + Level 2.4 Fire Magic
 + Level 2.4 Ice Magic
 + Level 2.4 Air Magic
 + Level 2.4 Earth Magic
 + Level 2.4 Poison Magic
 + Level 3.3 Invocations
 + Level 3.0 Evocations


You had 13 spell levels left.
You didn't know any spells.
Your spell library contained the following spells:

 Spells                   Type           Power      Damage    Failure   Level
 Magic Dart               Conj           28%        1d4       17%         1
 Ensorcelled Hibernation  Hex/Ice        14%        N/A       26%         2
 Searing Ray              Conj           14%        2d5       26%         2
 Conjure Flame            Conj/Fire      7%         6-21      45%         3
 Gell's Gravitas          Tloc           7%         N/A       45%         3
 Ignite Poison            Fire/Tmut/Pois 7%         N/A       45%         3
 Spider Form              Tmut/Pois      7%         N/A       45%         3
 Teleport Other           Tloc           7%         N/A       45%         3
 Anguish                  Hex/Necr       3%         N/A       86%         4
 Fulminant Prism          Conj/Hex       3%         3d6       86%         4
 Sticky Flame             Conj/Fire      7%         2d3       86%         4
 Dispersal                Tloc           3%         N/A       100%        6


Dungeon Overview and Level Annotations

Branches:
Dungeon (6/15)
 Temple: D:4-7

Altars:
Cheibriados
Fedhas
Kikubaaqudgha
Trog


Innate Abilities, Weirdness & Mutations

You have very sharp teeth.
Your uncanny sense of smell can sniff out nearby items.
Your experience applies equally to all skills.


Message History

You hear the hiss of an avalanche of sand nearby.
A wight comes into view. It is wielding a +0 hand axe.
A wight comes into view. It is wielding a +2 flail.
The iguana hisses angrily.
A wight comes into view. It is wielding a +0 falchion.
Throw: 4 darts (poison)
Press: ? - help, Q - select action, (/) - cycle Shift-Dir - straight line, f - iguana
Aim: an iguana (64% to hit)
You throw a poisoned dart. The poisoned dart hits the iguana!
The iguana is poisoned.
Throw: 3 darts (poison)
Press: ? - help, Q - select action, (/) - cycle Shift-Dir - straight line, f/p - iguana
Aim: an iguana (lightly wounded, very poisoned, 64% to hit)
You throw a poisoned dart. The poisoned dart hits the iguana!
The iguana looks as sick as possible!
The iguana is lightly wounded.
Press: ? - help, v - describe, . - travel, g - get item
Here: a wight, wielding a +0 falchion and wearing a +0 robe Item here: a poisoned dart.
The floor.
Unknown command.
The iguana bites you!
You closely miss the iguana.
The iguana is moderately wounded.
You hit the iguana.
The iguana is severely wounded.
The iguana bites you!
You slash the iguana!
You kill the iguana!
The wight barely misses you. The wight closely misses you.
You slash the wight!
The wight is heavily damaged.
The wight hits you but does no damage. The wight hits you with a +2 flail!
The wight hits you with a +0 hand axe! The wight hits you with a +0 hand axe!
* * * LOW HITPOINT WARNING * * *
You feel drained.
* * * LOW HITPOINT WARNING * * *
The wight attacks as you move away! The wight hits you with a +2 flail!
You die...

.#...#. #.......#
#....(..# #.#.(.#.#
######### #.......#
#........
#.......####.....<..
#.#.†.#.#...........
#.zzz...####........
#..@....# #####.### #
#.#.).#.# #W# ...
#.......# #####.#
.....#....)..## #.....#
.......<.(....###.....###
.........................
.........................
..#..###..#..............
. #.. #..#...?..........


You could see 3 wights.

Vanquished Creatures
  An ogre (D:5)
  2 phantoms
  A scorpion (D:5)
  5 hounds
  3 jellies
  4 iguanas
  An orc wizard (D:5)
  8 adders
  7 gnolls
  2 shadow imps (D:5)
  A white imp (D:5)
  An ufetubus (D:5)
  2 worms
  A dart slug (D:2)
  7 orcs
  6 bats
  6 endoplasms
  4 giant cockroaches
  4 hobgoblins
  2 jackals (D:3)
  3 quokkas (D:4)
  5 ball pythons
  3 frilled lizards
  5 goblins
  8 kobolds
  6 rats
98 creatures vanquished.

Notes
Turn   | Place    | Note
-------+----------+-------------------------------------------
     0 | D:1      | Godmorgon the Gnoll Wanderer began the quest for the Orb.
     0 | D:1      | Godmorgon set off with the following items: a +3 falchion,
                  | a +0 ring mail, a potion of lignification.
     0 | D:1      | Reached XP level 1. HP: 20/20 MP: 1/1
   270 | D:1      | Reached XP level 2. HP: 26/26 MP: 2/2
   294 | D:1      | You fall into a shaft and drop 1 floor!
   377 | D:2      | Reached XP level 3. HP: 29/31 MP: 3/3
   594 | D:1      | Found a faded altar of an unknown god.
   711 | D:1      | Reached skill level 1 in Invocations
  1195 | D:2      | Found an ancient bone altar of Kikubaaqudgha.
  1280 | D:2      | Reached skill level 1 in Short Blades
  1280 | D:2      | Reached skill level 1 in Axes
  1280 | D:2      | Reached skill level 1 in Maces & Flails
  1280 | D:2      | Reached skill level 1 in Polearms
  1280 | D:2      | Reached skill level 1 in Staves
  1280 | D:2      | Reached skill level 1 in Ranged Weapons
  1280 | D:2      | Reached skill level 1 in Throwing
  1280 | D:2      | Reached skill level 1 in Stealth
  1280 | D:2      | Reached skill level 1 in Shields
  1280 | D:2      | Reached skill level 1 in Unarmed Combat
  1280 | D:2      | Reached skill level 1 in Spellcasting
  1280 | D:2      | Reached skill level 1 in Evocations
  1590 | D:3      | Reached XP level 4. HP: 38/38 MP: 5/5
  1688 | D:3      | Found a blossoming altar of Fedhas.
  1846 | D:3      | Reached skill level 1 in Conjurations
  1846 | D:3      | Reached skill level 1 in Hexes
  1846 | D:3      | Reached skill level 1 in Summonings
  1846 | D:3      | Reached skill level 1 in Necromancy
  1846 | D:3      | Reached skill level 1 in Translocations
  1846 | D:3      | Reached skill level 1 in Transmutations
  1846 | D:3      | Reached skill level 1 in Fire Magic
  1846 | D:3      | Reached skill level 1 in Ice Magic
  1846 | D:3      | Reached skill level 1 in Air Magic
  1846 | D:3      | Reached skill level 1 in Earth Magic
  1846 | D:3      | Reached skill level 1 in Poison Magic
  2199 | D:3      | Found a snail-covered altar of Cheibriados.
  2264 | D:3      | Reached XP level 5. HP: 42/43 MP: 5/7
  2290 | D:4      | Noticed a phantom
  2325 | D:3      | Killed a phantom
  2709 | D:4      | Reached XP level 6. HP: 50/50 MP: 8/8
  3018 | D:5      | Entered Level 5 of the Dungeon
  3084 | D:5      | Reached skill level 5 in Fighting
  3434 | D:5      | Reached XP level 7. HP: 56/56 MP: 10/10
  3448 | D:5      | Found a bloodstained altar of Trog.
  4133 | D:5      | Reached skill level 9 in Armour
  4613 | D:6      | Reached XP level 8. HP: 16/63 MP: 12/12
  4906 | D:6      | Slain by a wight

Illustrated notes

Levels and vault maps discovered:
D:1:      zaba_arrival_water, layout_basic,
          hellmonk_ecumenical_altar_leap_of_faith
D:2:      layout_basic, basic_altar
D:3:      layout_basic, mainiacjoe_overflow_catwalk,
          mainiacjoe_overflow_surrounded_room
D:4:      layout_rooms, kennysheep_generic_room_12
D:5:      layout_basic, mainiacjoe_overflow_paths, kennysheep_generic_room_15
D:6:      lemuel_ice_spiral_2, layout_rooms, nicolae_ru_path_of_blood,
          nicolae_overflow_crystal_walls, temple_hall,
          nicolae_ossuary_entry_catacombs, nicolae_elemental_shop,
          uniq_prince_ribbit1

Skill      XL: |  1  2  3  4  5  6  7 |
---------------+----------------------+-----
Invocations    | 1 2 3 |  3.3
Short Blades   | 1 2 3 |  3.0
Axes           | 1 2 3 |  3.0
Maces & Flails | 1 2 3 |  3.0
Polearms       | 1 2 3 |  3.0
Staves         | 1 2 3 |  3.0
Ranged Weapons | 1 2 3 |  3.0
Throwing       | 1 2 3 |  3.0
Stealth        | 1 2 3 |  3.0
Shields        | 1 2 3 |  3.0
Unarmed Combat | 1 2 3 |  3.0
Spellcasting   | 1 2 3 |  3.0
Evocations     | 1 2 3 |  3.0
Conjurations   | 1 2 |  2.4
Hexes          | 1 2 |  2.4
Summonings     | 1 2 |  2.4
Necromancy     | 1 2 |  2.4
Translocations | 1 2 |  2.4
Transmutations | 1 2 |  2.4
Fire Magic     | 1 2 |  2.4
Ice Magic      | 1 2 |  2.4
Air Magic      | 1 2 |  2.4
Earth Magic    | 1 2 |  2.4
Poison Magic   | 1 2 |  2.4
Dodging        | 3 4 |  4.0
Fighting       | 5 |  5.5
Long Blades    | 7 |  7.3
Armour         | 9 |  9.1

Action                   |  1- 3 |  4- 6 |  7- 9 || total
-------------------------+-------+-------+-------++-------
Melee: Falchion          |    80 |   119 |    93 ||   292
       Bite              |     3 |     9 |    13 ||    25
       Punch             |       |     2 |     2 ||     4
 Fire: Sling             |       |    18 |    13 ||    31
Throw: Stone             |     6 |     5 |       ||    11
       Dart              |     9 |    21 |    20 ||    50
  Use: Scroll            |       |     4 |     2 ||     6
 Stab: Sleeping          |       |     1 |     2 ||     3
Armor: Ring mail         |    25 |    42 |    39 ||   106
Dodge: Dodged            |    46 |    66 |    56 ||   168
